 Dungeon Crawl Stone Soup version 0.19.5 (webtiles) character file.

634 inmateoo the Chopper (level 7, 0/54 HPs)
             Began as a Hill Orc Warper on Mar 21, 2017.
             Was an Initiate of Okawaru.
             Killed by divine providence
             ... invoked by an orc priest
              (10 damage)
             ... on level 4 of the Dungeon.
             The game lasted 00:06:53 (4493 turns).

inmateoo the Chopper (Hill Orc Warper)              Turns: 4493, Time: 00:06:53

Health: 0/54       AC: 13    Str: 19    XL:     7   Next: 49%
Magic:  9/9        EV:  6    Int: 15    God:    Okawaru [......]
Gold:   205        SH:  8    Dex: 10    Spells: 0 memorised, 9 levels left

rFire  . . .     SeeInvis +     a - +1 hand axe
rCold  . . .     Gourm    .     x - +0 plate armour
rNeg   . . .     Faith    .     A - +0 buckler
rPois  .         Spirit   .     (no helmet)
rElec  .         Reflect  .     (no cloak)
rCorr  .         Harm     .     v - +0 pair of gloves
MR     .....                    (no boots)
Stlth  ..........               (no amulet)
                                (no ring)
                                b - +3 ring of strength

@: no status effects
A: claws 1, large bone plates 1, see invisible, clever 1, frail 1, subdued magic
1
a: Renounce Religion, Convert to Beogh


You were on level 4 of the Dungeon.
You worshipped Okawaru.
Okawaru was noncommittal.
You were not hungry.

You visited 2 branches of the dungeon, and saw 6 of its levels.

You collected 205 gold pieces.

Inventory:

Hand Weapons
 a - a +1 hand axe (weapon)
Missiles
 e - 5 tomahawks of dispersal (quivered)
Armour
 v - a +0 pair of gloves (worn)
 x - a +0 plate armour (worn)
 A - a +0 buckler (worn)
Jewellery
 b - a +3 ring of strength (left hand)
Wands
 h - a wand of confusion (9/48)
 w - a wand of polymorph (0/24)
 y - a wand of acid (0/15)
Scrolls
 d - a scroll of blinking
 j - a scroll of enchant weapon
 p - 2 scrolls of teleportation
 u - a scroll of recharging
Potions
 k - a potion of flight
 m - a potion of agility
 r - 2 potions of curing {unknown}
 s - 3 potions of might
Books
 c - a book of Spatial Translocations

   Spells                             Type                      Level
   a - Blink                          Translocation                2
   b - Shroud of Golubria             Charms/Translocation         2
   c - Lesser Beckoning               Translocation                3
   d - Portal Projectile              Translocation                3
   e - Teleport Other                 Translocation                3
   f - Passage of Golubria            Translocation                4
Comestibles
 f - 4 bread rations
 g - 3 meat rations
 o - 2 slices of pizza


   Skills:
 + Level 4.5 Fighting
 * Level 7.4 Axes
 - Level 0.8 Throwing
 + Level 4.3 Armour
 + Level 2.1 Dodging
 + Level 2.0 Shields
 - Level 1.5 Spellcasting
   Level 2.4 Translocations


You had 9 spell levels left.
You didn't know any spells.

Dungeon Overview and Level Annotations

Branches:
Dungeon (5/15)             Temple (1/1) D:4

Altars:
Ashenzari
Cheibriados
Elyvilon
Hepliaklqana
Kikubaaqudgha
Okawaru
Uskayaw


Innate Abilities, Weirdness & Mutations

You have sharp fingernails.
You are partially covered in large bone plates. (SH +4)
You have supernaturally acute eyesight. (SInv)
Your mind is acute. (Int +2)
You are frail. (-10% HP)
Your spells are a little easier to cast, but a little less powerful.


Message History

You barely miss the orc priest.
The orc priest is almost dead.
You hit the orc wizard.
The orc priest invokes the aid of Beogh against you.
Beogh smites you!
* * * LOW HITPOINT WARNING * * *
The orc wizard hits you but does no damage.
You closely miss the orc priest.
The orc priest is almost dead.
You miss the orc wizard. You block the orc priest's attack.
The orc wizard gestures at you while chanting.
The puff of flame hits you!
The orc priest shouts, "Surrender to Beogh and we'll let you live!"
Unknown command.
You hit the orc priest.
The orc priest is almost dead.
You closely miss the orc wizard.
The orc priest calls down the wrath of Beogh upon you.
Beogh smites you!
You die...

####.####?.............####.#####
# #.##.........................#
# #.##.#........................
####.##.......###.##...####.###.#
<.............###.###### #.# #.#
#####.#...........# #.###.# #
#.#.#.........# #.#...# #
#.#.##.##.##.#### #.#.### #
#.#........)@o..##### #.#.# #
#.#..####...o.......# #.#.# #
#.#..# #..##.##.###.###.#.# #
#>#..# #.###.##.........#.# #
#.#..###.###........##..#.#
#.#..........##.........#.#
#.##.###.###.##.######.##.#
##.##..##.# #.##.# #.##.#
##...##.##.# #.##.# #.##.#


You could see an orc priest and an orc wizard.

Vanquished Creatures
  An ogre (D:4)
  A phantom (D:4)
  A howler monkey (D:3)
  A hound (D:4)
  A gnoll shaman (D:4)
  3 iguanas (D:4)
  A worker ant (D:4)
  A killer bee zombie (D:3)
  4 adders
  3 gnolls (D:4)
  4 oozes
  3 adder skeletons (D:4)
  3 worms
  15 dart slugs
  2 leopard geckos
  6 orcs (D:4)
  A ball python (D:1)
  6 bats
  7 giant cockroaches
  10 goblins
  11 hobgoblins
  2 jackals (D:3)
  4 frilled lizards
  14 kobolds
  6 rats
111 creatures vanquished.

Notes
Turn   | Place    | Note
-------+----------+-------------------------------------------
     0 | D:1      | inmateoo the Hill Orc Warper began the quest for the Orb.
     0 | D:1      | Reached XP level 1. HP: 18/18 MP: 3/3
    40 | D:1      | Reached skill level 3 in Axes
    76 | D:1      | Reached XP level 2. HP: 24/25 MP: 4/4
   421 | D:1      | Reached XP level 3. HP: 19/30 MP: 5/5
   669 | D:1      | Found a snail-covered altar of Cheibriados.
   709 | D:1      | Reached skill level 4 in Axes
  1111 | D:2      | Reached XP level 4. HP: 34/38 MP: 6/6
  1379 | D:2      | Found a faded altar of an unknown god.
  1681 | D:2      | Found a faded altar of an unknown god.
  1681 | D:2      | Found a faded altar of an unknown god.
  1686 | D:2      | Found a faded altar of an unknown god.
  1689 | D:2      | Found a faded altar of an unknown god.
  1692 | D:2      | Found a shattered altar of Ashenzari.
  2038 | D:3      | Found a hide-covered altar of Uskayaw.
  2041 | D:3      | Reached skill level 5 in Axes
  2326 | D:3      | Reached XP level 5. HP: 45/45 MP: 7/7
  2583 | D:3      | Found an ancient bone altar of Kikubaaqudgha.
  3221 | D:4      | Reached XP level 6. HP: 51/51 MP: 8/8
  3262 | D:4      | Reached skill level 6 in Axes
  3333 | D:4      | Noticed a phantom
  3372 | D:4      | Killed a phantom
  3372 | D:4      | Reached skill level 1 in Shields
  3372 | D:4      | Reached XP level 7. HP: 42/59 MP: 9/9
  3502 | D:4      | Found a staircase to the Ecumenical Temple.
  3555 | Temple   | Entered the Ecumenical Temple
  3562 | Temple   | Became a worshipper of Warmaster Okawaru
  3624 | D:4      | Reached skill level 7 in Axes
  3661 | D:4      | Gained mutation: You have sharp fingernails. [potion of mutation]
  3661 | D:4      | Gained mutation: You have supernaturally acute eyesight. (SInv) [potion of mutation]
  3661 | D:4      | Gained mutation: Your spells are a little easier to cast, but a little less powerful. [potion of mutation]
  3662 | D:4      | Gained mutation: You are frail. (-10% HP) [potion of mutation]
  3662 | D:4      | Gained mutation: Your mind is acute. (Int +2) [potion of mutation]
  3662 | D:4      | Gained mutation: You are partially covered in large bone plates. (SH +4) [potion of mutation]
  4470 | D:5      | Entered Level 5 of the Dungeon
  4493 | D:4      | Killed from afar by an orc priest

Skill      XL: |  1  2  3  4  5  6  7 |
---------------+----------------------+-----
Axes           | 3 4 5 6 7 |  7.4
Armour         | 2 3 4 |  4.3
Fighting       | 3 4 |  4.5
Shields        | 1 2 |  2.0
Dodging        | 2 |  2.1
Throwing       | |  0.8
Spellcasting   | |  1.5
Translocations | |  2.4

Action                   |  1- 3 |  4- 6 |  7- 9 || total
-------------------------+-------+-------+-------++-------
Melee: Hand axe          |   122 |   282 |   103 ||   507
Evoke: Wand              |       |     7 |     4 ||    11
  Use: Potion            |       |     2 |     2 ||     4
       Scroll            |       |       |    13 ||    13
 Stab: Confused          |       |       |     1 ||     1
  Eat: Chunk             |       |     8 |     4 ||    12
Armor: Leather armour    |    11 |       |       ||    11
       Chain mail        |    49 |    76 |       ||   125
       Plate armour      |       |   115 |    53 ||   168
Dodge: Dodged            |    61 |    86 |    17 ||   164
Block: Buckler           |       |     1 |    41 ||    42
